 Dungeon Crawl Stone Soup version 0.28.0-43-g3370ac3207 (webtiles) character file.

Game seed: 11922412143348216112

1 terff the Sneak (level 1, -1/14 HPs)
             Began as an Octopode Brigand on Mar 20, 2022.
             Slain by a ball python (3 damage)
             ... on level 1 of the Dungeon.
             The game lasted 00:00:10 (55 turns).

terff the Sneak (Octopode Brigand)                    Turns: 55, Time: 00:00:10

Health: -1/14      AC:  1    Str: 10    XL:     1   Next: 20%
Magic:  1/1        EV: 12    Int: 13    God:
Gold:   0          SH:  0    Dex: 13    Spells: 0/0 levels left

rFire   . . .      SeeInvis .   a - +2 dagger
rCold   . . .      Faith    .   (no shield)
rNeg    . . .      Spirit   .   (helmet restricted)
rPois   .          Reflect  .   (no amulet)
rElec   .          Harm     .   (no ring)
rCorr   .          Rampage  .   (no ring)
Will    .....                   (no ring)
Stlth   ++++......              (no ring)
HPRegen 0.04/turn               (no ring)
MPRegen 0.07/turn               (no ring)
                                (no ring)
                                (no ring)

@: no status effects
A: almost no armour, amphibious, 8 rings, camouflage 1, gelatinous body 1,
(nimble swimmer 1), tentacles
a: no special abilities


You were on level 1 of the Dungeon.
You visited 1 branch of the dungeon, and saw 1 of its levels.

Inventory:

Hand Weapons
 a - a +2 dagger (weapon)
Missiles
 b - 8 poisoned darts (quivered)
 c - 2 curare-tipped darts


   Skills:
 + Level 2.0 Fighting
 + Level 2.0 Short Blades
 + Level 2.0 Throwing
 + Level 1.0 Dodging
 + Level 5.4 Stealth


You couldn't memorise any spells.
You didn't know any spells.
Your spell library was empty.

Dungeon Overview and Level Annotations

Branches:
Dungeon (1/15)

Altars:


Innate Abilities, Weirdness & Mutations

You cannot wear most types of armour.
You are amphibious.
You can wear up to eight rings at the same time.
Your skin changes colour to match your surroundings (Stealth+).
Your rubbery body absorbs attacks. (AC +1, EV +1)
((You are camouflaged when in or above water. (Stealth+)))
You have tentacles for arms and can constrict up to eight enemies at once.


Message History

A quokka and a hobgoblin come into view.
Found a scroll labelled USSEON SOJU.
The bat hits you.
A goblin comes into view. It is wielding a +0 club.
You miss the bat. Your grab misses the bat. Your squeeze misses the bat.
The bat barely misses you. The bat misses you.
You miss the bat. Your grab misses the bat.
The hobgoblin shouts!
The bat hits you.
A bat comes into view.
The bat moves out of view.
The goblin shouts! x2; You hear an angry hiss.
The bat hits you.
A rat comes into view.
The goblin closely misses you. The bat hits you but does no damage.
The goblin hits you with a +0 club.
You hit the goblin. Your grab misses the goblin.
The goblin is heavily wounded.
The bat barely misses you.
A ball python comes into view.
The goblin hits you with a +0 club.
You hit the goblin.
You kill the goblin!
The bat misses you. The hobgoblin hits you.
* * * LOW HITPOINT WARNING * * *
You barely miss the bat. Your grab misses the bat. You squeeze the bat.
The bat is severely wounded.
The bat hits you.
* * * LOW HITPOINT WARNING * * *
The bat barely misses you.
The hobgoblin hits you but does no damage.
The bat barely misses you. The bat misses you.
A rat comes into view.
The hobgoblin misses you. The ball python bites you.
* * * LOW HITPOINT WARNING * * *
The ball python closely misses you. The quokka closely misses you.
You see here a +0 club.
You barely miss the hobgoblin. Your grab misses the hobgoblin.
The bat barely misses you. The ball python bites you.
You die...

....# ....... #...#
#......# #...###
.....r.. +.....
#......###...#####
#.....r..........#
........g.Sb....#
#......@g.?..#
#######.....rb.....#
#..................#
#.##################
#.# ## #.# .###.#
..##.# ..##.#


You could see a quokka, a hobgoblin, a goblin, 2 bats, a ball python and 2 rats.

Vanquished Creatures
  A goblin (D:1)
1 creature vanquished.

Notes
Turn   | Place    | Note
-------+----------+-------------------------------------------
     0 | D:1      | terff the Octopode Brigand began the quest for the Orb.
     0 | D:1      | Reached XP level 1. HP: 14/14 MP: 1/1
    55 | D:1      | Slain by a ball python

Illustrated notes

Levels and vault maps discovered:
D:1:      minmay_arrival_wavy_path, layout_basic

Action                   || total
-------------------------++-------
Melee: Dagger            ||     6
       Tentacles         ||     1
Armor: Skin              ||     2
Dodge: Dodged            ||    12
